 Dungeon Crawl Stone Soup version 0.18.1-50-g88ac8fd (webtiles) character file.

168 luca467 the Skirmisher (level 5, -4/42 HPs)
             Began as a Demonspawn Fighter on Sept 14, 2016.
             Was a Follower of Dithmenos.
             Killed by divine providence
             ... invoked by an orc priest
              (13 damage)
             ... on level 3 of the Dungeon.
             The game lasted 00:11:48 (3701 turns).

luca467 the Skirmisher (Demonspawn Fighter)         Turns: 3701, Time: 00:11:49

Health: -4/42      AC:  3    Str: 16    XL:     5   Next: 23%
Magic:  5/5        EV: 13    Int: 10    God:    Dithmenos [*.....]
Gold:   126        SH:  9    Dex: 20    Spells: 0 memorised, 4 levels left

rFire  . . .     SeeInvis .     a - +0 long sword
rCold  . . .     Gourm    .     d - +0 leather armour
rNeg   . . .     Faith    .     c - +0 shield
rPois  .         Spirit   .     (no helmet)
rElec  .         Dismiss  .     (no cloak)
rCorr  .         Reflect  .     (no gloves)
SustAt .         Harm     .     (no boots)
MR     +....                    (no amulet)
Stlth  ++++......               (no ring)
                                k - ring of protection from magic

@: agile, wreathed by umbra, somewhat resistant to hostile enchantments,
stealthy
A: claws 1, thin skeletal structure 1, powered by pain 1
a: Renounce Religion


You were on level 3 of the Dungeon.
You worshipped Dithmenos.
Dithmenos was aware of your devotion.
You were hungry.

You visited 1 branch of the dungeon, and saw 3 of its levels.

You collected 126 gold pieces.

Inventory:

Hand Weapons
 a - a +0 long sword (weapon)
Armour
 b - a +0 scale mail
 c - a +0 shield (worn)
 d - a +0 leather armour (worn)
Jewellery
 k - a ring of protection from magic (left claw)
Scrolls
 e - a scroll of amnesia {unknown}
 j - a scroll of fear {unknown}
 l - a scroll of remove curse {unknown}
 n - 2 scrolls of magic mapping {unknown}
Potions
 m - a potion of brilliance {unknown}
 o - a potion of mutation {unknown}
 p - a potion of cure mutation {unknown}
Comestibles
 f - a bread ration
 g - a royal jelly
 i - 4 fruits


   Skills:
 * Level 4.2 Fighting
 * Level 3.0 Long Blades
 + Level 3.3 Armour
 + Level 1.5 Stealth
 + Level 2.9 Shields


You had 4 spell levels left.
You didn't know any spells.

Dungeon Overview and Level Annotations

Branches:
Dungeon (3/15)

Altars:
Ashenzari
Dithmenos


Innate Abilities, Weirdness & Mutations

You have sharp fingernails.
You have a somewhat thin skeletal structure (Dex +2, Stealth).
You sometimes gain a little power by taking damage.


Message History

You kill the orc!
Dithmenos accepts your kill. The orc barely misses you.
You barely miss the orc. You block the orc's attack.
You slash the orc!
You kill the orc!
Dithmenos accepts your kill. You block the orc's attack.
You hit the orc but do no damage. You block the orc's attack.
You hit the orc.
The orc is heavily wounded.
You block the orc's attack.
You completely miss the orc.
The orc is heavily wounded.
You block the orc's attack.
You barely miss the orc.
The orc is heavily wounded.
The orc priest invokes the aid of Beogh against you.
Beogh smites you!
You die...

## ######## .... #......#
?...####### #......#
.........# #......# .........#
#......#
#####......###......#########
..........oo@................
..........o###......########.
##.........#.............#.
#.........#.............#.
#.........#..........†....
#....#[#######.............#.
#... #o.....#.#.#.#.........#
#.. #..o....#.#.#.#.#.#.#.#.
.............#.#.#.#.#.#.#.#.#


You could see an orc priest and 2 orcs.

Vanquished Creatures
  2 orc wizards (D:2)
  4 adders
  3 worms (D:2)
  A dart slug (D:3)
  3 giant geckos
  8 orcs
  2 giant cockroaches
  5 goblins
  5 hobgoblins
  6 jackals
  A quokka (D:2)
  3 ball pythons
  3 bats
  A giant newt (D:2)
  6 kobolds
  3 rats
  A plant (D:2)
57 creatures vanquished.

Notes
Turn   | Place    | Note
--------------------------------------------------------------
     0 | D:1      | luca467 the Demonspawn Fighter began the quest for the Orb.
     0 | D:1      | Reached XP level 1. HP: 18/18 MP: 1/1
   300 | D:1      | Gained mutation: You have a somewhat thin skeletal structure (Dex +2, Stealth). [demonic ancestry]
   300 | D:1      | Reached XP level 2. HP: 24/24 MP: 2/2
   800 | D:2      | Found a shattered altar of Ashenzari.
   872 | D:2      | Found a shadowy altar of Dithmenos.
   892 | D:2      | Became a worshipper of Dithmenos the Shadowed
   925 | D:2      | Found a shattered altar of Ashenzari.
   971 | D:2      | Gained mutation: You sometimes gain a little power by taking damage. [demonic ancestry]
   971 | D:2      | Reached XP level 3. HP: 27/29 MP: 3/3
  1008 | D:2      | Found a faded altar to an unknown god.
  1591 | D:2      | Reached skill level 1 in Stealth
  2090 | D:2      | Reached XP level 4. HP: 22/37 MP: 4/4
  2732 | D:3      | Reached skill level 4 in Fighting
  3067 | D:2      | Reached * piety under Dithmenos
  3067 | D:2      | Gained mutation: You have sharp fingernails. [demonic ancestry]
  3067 | D:2      | Reached XP level 5. HP: 6/42 MP: 5/5
  3701 | D:3      | Killed from afar by an orc priest

Skill      XL: |  1  2  3  4  5 |
---------------+----------------+-----
Long Blades    | 2 3 |  3.0
Armour         | 3 |  3.3
Stealth        | 1 |  1.5
Fighting       | 4 |  4.2
Shields        | |  2.9

Action                   |  1- 3 |  4- 6 || total
-------------------------+-------+-------++-------
Melee: Long sword        |   128 |   216 ||   344
  Use: Scroll            |     1 |     1 ||     2
       Potion            |       |     2 ||     2
  Eat: Chunk             |     3 |     6 ||     9
Armor: Scale mail        |    61 |    34 ||    95
       Leather armour    |       |     7 ||     7
Dodge: Dodged            |    37 |    41 ||    78
Block: Shield            |    72 |    55 ||   127
